 Dungeon Crawl Stone Soup version 0.31.0-32-g396128a36d (webtiles) character file.

Game seed: 576611600408067584

160 PaiMei the Grave Robber (level 5, -1/38 HPs)
             Began as a Demonspawn Necromancer on Apr 10, 2024.
             Slain by Sigmund
             ... wielding a +0 scythe
              (10 damage)
             ... on level 3 of the Dungeon.
             The game lasted 00:03:18 (2564 turns).

PaiMei the Grave Robber (Demonspawn Necromancer)    Turns: 2564, Time: 00:03:18

Health: -1/38      AC:  3    Str:  8    XL:     5   Next: 17%
Magic:  0/9        EV: 13    Int: 23    God:
Gold:   135        SH:  0    Dex: 14    Spells: 9/10 levels left

rFire   . . .        g - +1 dagger (elec)
rCold   . . .        (no shield)
rNeg    + . .        a - +0 robe
rPois   .            (no helmet)
rElec   .            (no cloak)
rCorr   .            (no gloves)
SInv    .            i - +0 pair of boots
Will    .....        d - amulet of regeneration
Stlth   ++           j - ring of positive energy
HPRegen 1.06/turn    n - +6 ring of intelligence
MPRegen 0.11/turn

%: no passive effects
@: no status effects
A: foul stench 3
a: no special abilities


You were on level 3 of the Dungeon.
You visited 1 branch of the dungeon, and saw 3 of its levels.

You collected 135 gold pieces.

Inventory:

Hand Weapons
 g - a +1 dagger of electrocution (weapon)
Missiles
 m - 6 poisoned darts (quivered)
Armour
 a - a +0 robe (worn)
 h - an orb of mayhem
 i - a +0 pair of boots (worn)
Jewellery
 d - an amulet of regeneration (around neck)
 j - a ring of positive energy (left hand)
 n - a +6 ring of intelligence (right hand)
 o - a ring of flight
Scrolls
 c - 5 scrolls of identify {unknown}
 k - a scroll of vulnerability {unknown}
 l - 2 scrolls of torment {unknown}
Potions
 b - a potion of magic
 e - a potion of resistance {unknown}
 f - a potion of attraction {unknown}


   Skills:
 + Level 2.0 Fighting
 + Level 2.9 Dodging
 - Level 2.0 Stealth
 + Level 3.0 Spellcasting
 + Level 5.2 Necromancy


You had 9 spell levels left.
You knew the following spells:

 Your Spells              Type           Power      Damage    Failure   Level
a - Necrotise             Necr           100%       1d9       1%          1

Your spell library contained the following spells:

 Spells                   Type           Power      Damage    Failure   Level
 Vampiric Draining        Necr           27%        2d7       4%          3
 Magic Dart               Conj           12%        1d3       12%         1
 Animate Dead             Necr           27%        N/A       14%         4
 Searing Ray              Conj           6%         2d4       17%         2
 Curse of Agony           Necr           27%        N/A       36%         5
 Fulminant Prism          Conj/Alch      1%         3d5       75%         4


Dungeon Overview and Level Annotations

Branches:
Dungeon (3/15)

Altars:

Annotations:
D:3 Sigmund


Innate Abilities, Weirdness & Mutations

You frequently emit foul miasma when damaged in melee.


Message History

You barely miss the endoplasm.
Your orc skeleton hits the endoplasm.
The endoplasm freezes you.
You are frozen.
Sigmund closely misses you.
You barely miss the endoplasm.
The endoplasm is lightly wounded.
Your orc skeleton hits the endoplasm but does no damage.
The endoplasm closely misses you.
Your orc skeleton hits the endoplasm.
You hit the endoplasm.
The endoplasm is almost dead.
Sigmund casts a spell.
Sigmund flickers and vanishes!
Deactivating autopickup; reactivate with Ctrl-A.
The endoplasm closely misses you.
Your orc skeleton hits the endoplasm but does no damage.
You hit the endoplasm.
Lightning courses through the endoplasm!
You kill the endoplasm!
Something hits you but does no damage.
You swap places.
Found a scroll labelled YRIKHI KEEB.
Something hits you.
You closely miss something. You closely miss something. Something hits you.
You miss something. Something hits you!
Casting: Necrotise (safe; 1% risk of failure)
Confirm with . or Enter, or press ? or * to list all spells.
Aiming: Necrotise (safe; 1% risk of failure)
Press: ? - help, Shift-Dir - straight line Something writhes in agony.
You hit something.
Your orc skeleton crumbles into dust!
Something hits you!
You barely miss something. Something hits you!
* * * LOW HITPOINT WARNING * * *
You emit a cloud of foul miasma!
Casting: Necrotise (safe; 1% risk of failure)
Confirm with . or Enter, or press ? or * to list all spells.
Aiming: Necrotise (safe; 1% risk of failure)
Press: ? - help, Shift-Dir - straight line Something writhes in agony.
You barely miss something. Something hits you!
You die...

###.........# #...?
#.....#..... #....
#.....# .... #....
##.....# .... #...
#......##.... #..
#...........#.
######'####...$.......'.
.......)..†..........##.
.......@Z.).)...........
.......{...$))..........
######'##...............
#.. ###.............
#... #.............
#.... #.............
#.... #.............
#.... #.....###.....
#.....# #.....


You could see a friendly orc skeleton.

Vanquished Creatures
  Jessica (D:2)
  Natasha (D:3)
  A gnoll (D:2)
  2 adders
  A dart slug (D:2)
  7 orcs (D:3)
  7 ball pythons
  6 bats
  4 endoplasms
  4 giant cockroaches
  6 goblins
  5 hobgoblins (D:1)
  3 jackals (D:1)
  3 kobolds
  3 quokkas
  3 frilled lizards
  A rat (D:1)
58 creatures vanquished.

Vanquished Creatures (collateral kills)
  A ribbon worm (D:2)
  2 endoplasms (D:1)
  A goblin (D:1)
4 creatures vanquished.

Grand Total: 62 creatures vanquished

Notes
Turn   | Place    | Note
-------+----------+-------------------------------------------
     0 | D:1      | PaiMei the Demonspawn Necromancer began the quest for the
                  | Orb.
     0 | D:1      | Reached XP level 1. HP: 13/13 MP: 3/3
   296 | D:1      | Gained mutation: You may rarely emit foul miasma when
                  | damaged in melee. [demonic ancestry]
   296 | D:1      | Reached XP level 2. HP: 19/19 MP: 1/5
   762 | D:1      | Found a faded altar of an unknown god.
   869 | D:1      | Reached XP level 3. HP: 25/25 MP: 2/6
  1185 | D:1      | You fall into a shaft and drop 1 floor!
  1264 | D:2      | Reached skill level 1 in Fighting
  1563 | D:2      | Noticed Jessica
  1567 | D:2      | Killed Jessica
  1568 | D:2      | Reached skill level 5 in Necromancy
  1568 | D:2      | Gained mutation: You sometimes emit foul miasma when
                  | damaged in melee. [demonic ancestry]
  1568 | D:2      | Reached XP level 4. HP: 32/32 MP: 2/8
  2395 | D:3      | Noticed Natasha
  2404 | D:3      | Killed Natasha
  2405 | D:3      | Gained mutation: You frequently emit foul miasma when
                  | damaged in melee. [demonic ancestry]
  2405 | D:3      | Reached XP level 5. HP: 38/38 MP: 5/9
  2549 | D:3      | Noticed Sigmund
  2564 | D:3      | Slain by Sigmund

Illustrated notes

Levels and vault maps discovered:
D:1:      minmay_arrival_up_and_down, layout_loops_corners,
          basic_ecumenical_altar
D:2:      layout_loops_ring, chequers_mini_garden, minmay_misc_feat_chi,
          minmay_misc_feat_roman, uniq_jessica
D:3:      kennysheep_six_static_rooms, layout_basic,
          hangedman_abyss_or_decor_stabs, amcnicky_mini_corridor_feature,
          minmay_checkerbox, uniq_natasha, uniq_sigmund

Skill      XL: |  1  2  3  4  5 |
---------------+----------------+-----
Stealth        | 2 |  2.0
Dodging        | 2 |  2.9
Fighting       | 1 2 |  2.0
Necromancy     | 5 |  5.2
Spellcasting   | 3 |  3.0

Action                     |  1- 3 |  4- 6 || total
---------------------------+-------+-------++-------
  Melee: Dagger            |    22 |    21 ||    43
   Cast: Necrotise         |    63 |    38 ||   101
 Armour: Robe              |    26 |    18 ||    44
  Dodge: Dodged            |    27 |    17 ||    44
